AoeStats
← Alerius

Arena

510464208Analyzed
1v1 RM · 1d ago on Oct 1, 2026· 51m 44s· 2 players
Game mode
Random Map
Map size
Tiny (2 player)
Population
200
Speed
Normal
Resources
Standard
Victory
Conquest
Starting age
Dark Age
Ending age
Imperial Age
RankedLock teamsTeams togetherTeam positionsShared explorationLock speedFull tech treeHidden civsTurbo modeCheats
Victory
Defeat
🇺🇸 Italians · United States
882
+34
🇺🇸 Celts · United States
895
-17
Alerius
10:46 Feudal Age
11:54 Double-Bit Axe
11:51 Horse Collar
12:05 Gold Mining
16:29 Castle Age
18:33 Bow Saw
21:19 Forging
23:55 Light Cavalry
25:07 Stone Mining
25:24 Heavy Plow
26:24 Wheelbarrow
31:50 Imperial Age
29:38 Hand Cart
29:49 Ballistics
30:26 Bloodlines
33:48 Chemistry
32:24 Hussar
33:41 Iron Casting
34:18 Conscription
33:24 Cavalier
34:05 Husbandry
33:28 Crossbowman
34:01 Fletching
34:00 Treadmill Crane
34:31 Masonry
36:53 Blast Furnace
35:49 Bodkin Arrow
36:33 Pikeman
37:14 Squires
39:36 Bombard Tower
39:47 Architecture
39:20 Bracer
39:26 Scale Barding Armor
39:35 Murder Holes
41:23 Chain Barding Armor
41:03 Padded Archer Armor
40:35 Elite Genoese Crossbowman
43:17 Loom
43:49 Leather Archer Armor
44:10 Plate Barding Armor
44:01 Thumb Ring
48:09 Ring Archer Armor
48:32 Arrowslits
e.olaguez678
10:15 Feudal Age
14:51 Castle Age
13:21 Double-Bit Axe
13:30 Horse Collar
23:08 Stone Mining
24:30 Bow Saw
25:42 Heavy Plow
27:06 Wheelbarrow
28:03 Hand Cart
32:02 Imperial Age
29:20 Loom
29:24 Town Watch
29:57 Stronghold
31:21 Murder Holes
31:49 Ballistics
31:24 Fletching
32:01 Husbandry
32:13 Forging
32:01 Bodkin Arrow
32:12 Scale Barding Armor
32:30 Gold Mining
33:25 Siege Engineers
34:21 Chemistry
34:01 Cavalier
35:13 Chain Barding Armor
35:29 Iron Casting
39:19 Blast Furnace
38:06 Paladin
49:51 Padded Archer Armor
Connection lost

Rejoining the realm…

Still unreachable

The connection could not be restored.

Session expired

The server has moved on; the page needs a fresh start.